 Dungeon Crawl Stone Soup version 0.31.0-32-g396128a36d (webtiles) character file.

Game seed: 18250172947887839482

8054 GiantSquids the Severer (level 11, -8/115 (139) HPs)
             Began as a Hill Orc Berserker on Apr 17, 2024.
             Was a High Priest of Trog.
             Killed from afar by Josephine (18 damage)
             ... with a ghostly fireball
             ... on level 10 of the Dungeon.
             The game lasted 00:25:53 (8706 turns).

GiantSquids the Severer (Hill Orc Berserker)        Turns: 8706, Time: 00:25:55

HP:   -8/115 (139)  AC: 16    Str: 25    XL:     11   Next: 24%
MP:   11/11         EV: 14    Int:  7    God:    Trog [*****.]
Gold: 705           SH:  0    Dex: 10    Spells: 10/10 levels left

rFire   . . .        U - +5 broad axe (heavy)
rCold   . . .        (no shield)
rNeg    . . .        Q - +3 chain mail
rPois   .            d - +1 helmet
rElec   .            (no cloak)
rCorr   +            (no gloves)
SInv    .            (no boots)
Will    .....        (no amulet) Stlth
                     M - +5 ring of evasion
HPRegen 0.39/turn    a - ring of Rolixtet {+Blink Fly rCorr Stlth-}
MPRegen 0.12/turn

%: no passive effects
@: berserking, lethally poisoned (-8 -> -8), flying, slowed, heavily drained
A: no striking features
a: Renounce Religion, Evoke Blink, Berserk, Trog's Hand, Brothers in Arms


You were on level 10 of the Dungeon.
You worshipped Trog.
Trog was extremely pleased with you.
You visited 1 branch of the dungeon, and saw 10 of its levels.
You also visited: Sewer and Ossuary.

You collected 815 gold pieces.
You spent 110 gold pieces at shops.

Inventory:

Hand Weapons
 k - a +3 hand axe of electrocution
 P - a +1 war axe of venom
 U - a +5 heavy broad axe (weapon)
Missiles
 g - 111 stones (quivered)
 K - 21 poisoned darts
 L - 6 boomerangs
 X - 5 curare-tipped darts
Armour
 d - a +1 helmet (worn)
 Q - a +3 chain mail (worn)
Jewellery
 a - the ring of Rolixtet (right hand) {+Blink Fly rCorr Stlth-}
   (You found it on level 2 of the Dungeon)

   [ring of resist corrosion]

   Fly:       It grants you flight.
   +Blink:    It lets you blink.
   rCorr:     It protects you from acid and corrosion.
   Stlth-:    It makes you less stealthy.
 b - an amulet of magic regeneration
 i - a +4 ring of protection
 n - a ring of protection from fire
 u - a ring of flight
 G - a +4 ring of protection
 M - a +5 ring of evasion (left hand)
 N - a ring of protection from cold
 T - a ring of fire
Wands
 l - a wand of quicksilver (8)
 r - a wand of flame (35)
 z - a wand of iceblast (12)
Scrolls
 c - 2 scrolls of noise {unknown}
 h - 2 scrolls of summoning
 m - 4 scrolls of enchant weapon
 p - a scroll of vulnerability
 q - a scroll of teleportation {unknown}
 s - 4 scrolls of poison
 w - a scroll of silence
 x - a scroll of enchant armour
 y - 2 scrolls of fear
 B - a scroll of amnesia {unknown}
 E - a scroll of revelation
 H - a scroll of torment {unknown}
 O - 2 scrolls of fog {unknown}
 R - a scroll of blinking {unknown}
 S - a scroll of immolation {unknown}
 V - 5 scrolls of identify
Potions
 e - 4 potions of enlightenment {unknown}
 f - 8 potions of berserk rage
 j - 7 potions of haste
 o - 3 potions of mutation {unknown}
 t - 2 potions of degeneration {unknown}
 v - 3 potions of heal wounds
 A - 4 potions of lignification
 C - 2 potions of might {unknown}
 D - 2 potions of ambrosia {unknown}
 F - 3 potions of invisibility {unknown}
 I - 3 potions of cancellation {unknown}
 J - a potion of experience {unknown}
 W - a potion of curing {unknown}


   Skills:
 + Level 7.6 Fighting
 * Level 18.9 Axes
 + Level 7.5 Armour
 - Level 1.5 Dodging


You had 10 spell levels left.
You didn't know any spells.
Your spell library was empty.

Dungeon Overview and Level Annotations

Branches:
Dungeon (10/15)            Temple (0/1) D:4            Lair (0/5) D:9
  Sewer (visited)         Ossuary (visited)
    Orc: D:9-12

Altars:
Dithmenos
Okawaru
Ru
Vehumet
Yredelemnul

Shops:
D:2 :   D:4 !

Annotations:
D:7 3 runed translucent doors, exclusion: 2 doors, Crazy Yiuf, Maurice
D:10 Josephine


Message History

Josephine misses you.
You slash Josephine!
Josephine is severely wounded.
Josephine hits you with a +2 dagger of venom.
You are poisoned.
You completely miss Josephine.
Josephine is severely wounded.
You feel very sick. Josephine casts a spell at you.
The ghostly flame explodes!
The ghostly fireball engulfs you!
You feel drained.
The ghostly fireball engulfs Josephine.
Josephine completely resists.
Josephine hits you with a +2 dagger of venom.
You barely miss Josephine.
Josephine is severely wounded.
You feel very sick. Josephine misses you.
Josephine gestures at you while chanting.
The ghostly flame explodes!
The ghostly fireball engulfs you!!
You feel drained.
* * * LOW HITPOINT WARNING * * *
The ghostly fireball engulfs Josephine.
Josephine completely resists.
You feel much better.
You feel sick.
Josephine gestures at you while chanting.
The ghostly flame explodes!
The ghostly fireball engulfs you!
You feel drained.
* * * LOW HITPOINT WARNING * * *
The ghostly fireball engulfs Josephine.
Josephine completely resists.
A red film seems to cover your vision as you go berserk!
You feel yourself moving faster!
You feel mighty!
You feel sick.
Josephine gestures at you while chanting.
The ghostly flame explodes!
The ghostly fireball engulfs you!
You feel drained.
* * * LOW HITPOINT WARNING * * *
The ghostly fireball engulfs Josephine.
Josephine completely resists.
Josephine closely misses you.
You closely miss Josephine.
Josephine is heavily wounded.
You feel sick.
Josephine gestures at you while chanting.
The ghostly flame explodes!
The ghostly fireball engulfs you!!
You feel drained.
You die...

...........###......##ยง#
....)......###.........#
..................^.##.###
####+#########......##W...
......)....@.##
####..W...##..# #.WWW..#
.. ###@#### # #@#
........# #########


You could see Josephine and 4 wraiths.

Vanquished Creatures
  Joseph (D:7)
  A troll (D:10)
  A shadow (D:10)
  A wraith (D:10)
  2 wyverns (D:9)
  7 yaks (D:9)
  3 steam dragons
  3 acid dragons (D:9)
  4 water moccasins
  3 orc warriors
  4 black bears
  4 ice beasts
  An ogre (D:5)
  5 centaurs
  2 phantoms
  A kobold brigand (Sewer)
  6 bullfrogs (D:9)
  5 scorpions
  11 wights
  4 killer bees (D:8)
  A vampire bat (D:3)
  3 howler monkeys
  2 bombardier beetles
  5 hounds
  2 jellies
  8 orc priests
  3 sleepcaps
  Jessica (D:2)
  7 orc wizards
  5 iguanas
  9 mummies
  14 adders
  5 river rats (Sewer)
  A shadow imp (D:6)
  A white imp (D:6)
  3 dart slugs
  3 fire bats (D:3)
  2 ribbon worms (D:2)
  20 orcs
  2 spectral bats (D:3)
  3 bat skeletons (D:3)
  A bat zombie (D:3)
  3 endoplasms
  7 giant cockroaches
  12 goblins
  7 hobgoblins
  4 jackals
  4 quokkas
  8 ball pythons
  11 bats
  A bat simulacrum (D:3)
  3 frilled lizards
  A hobgoblin zombie (Ossuary)
  30 kobolds
  4 kobold zombies (Ossuary)
  3 orc zombies (Ossuary)
  28 rats
296 creatures vanquished.

Vanquished Creatures (others)
  A yak (D:9)
1 creature vanquished.

Grand Total: 297 creatures vanquished

Notes
Turn   | Place    | Note
-------+----------+-------------------------------------------
     0 | D:1      | GiantSquids the Hill Orc Berserker began the quest for the
                  | Orb.
     0 | D:1      | Reached XP level 1. HP: 19/19 MP: 1/1
   183 | D:1      | Reached XP level 2. HP: 27/27 MP: 2/2
   677 | D:2      | Identified the ring of Rolixtet {+Blink Fly rCorr Stlth-}
   813 | D:2      | Found Iluhuod's Vocational Training.
   940 | D:2      | Reached XP level 3. HP: 33/33 MP: 3/3
   953 | D:2      | Reached ** piety under Trog
  1205 | D:2      | Reached skill level 5 in Axes
  1259 | D:2      | Noticed Jessica
  1268 | D:2      | Reached XP level 4. HP: 34/40 MP: 4/4
  1269 | D:2      | Killed Jessica
  1673 | D:3      | Noticed a scorpion
  1683 | D:3      | Killed a scorpion
  1684 | D:3      | Reached skill level 6 in Axes
  1684 | D:3      | Reached XP level 5. HP: 33/47 MP: 5/5
  2074 | D:3      | Reached XP level 6. HP: 32/55 MP: 6/6
  2219 | D:3      | Reached skill level 5 in Fighting
  2226 | D:3      | Reached *** piety under Trog
  2227 | D:3      | Reached skill level 7 in Axes
  2517 | D:4      | Reached XP level 7. HP: 56/61 MP: 7/7
  2554 | D:4      | Found Edwashri's Distillery.
  2563 | D:4      | Bought 2 potions of heal wounds for 110 gold pieces
  2602 | D:4      | Reached skill level 8 in Axes
  2958 | D:4      | Found a staircase to the Ecumenical Temple.
  3091 | D:4      | Reached skill level 5 in Armour
  3124 | D:4      | Reached skill level 9 in Axes
  3359 | D:5      | Entered Level 5 of the Dungeon
  3370 | D:5      | Found a sand-covered staircase.
  3379 | D:5      | Reached XP level 8. HP: 41/71 MP: 8/8
  3413 | Ossuary  | Entered an ossuary
  3441 | Ossuary  | Reached **** piety under Trog
  3767 | D:5      | Found a glowing drain.
  3786 | D:5      | Reached skill level 10 in Axes
  3807 | Sewer    | Entered a sewer
  4020 | Sewer    | Reached ***** piety under Trog
  4533 | D:5      | Reached skill level 11 in Axes
  4616 | D:5      | Reached XP level 9. HP: 75/79 MP: 9/9
  5142 | D:6      | Reached skill level 12 in Axes
  5443 | D:6      | Reached skill level 13 in Axes
  6101 | D:7      | Reached skill level 14 in Axes
  6368 | D:7      | Found a runed translucent door.
  6374 | D:7      | Found a basalt altar of Yredelemnul.
  6485 | D:7      | Noticed Joseph
  6493 | D:7      | Killed Joseph
  6494 | D:7      | Reached XP level 10. HP: 86/86 MP: 10/10
  6511 | D:7      | Reached skill level 15 in Axes
  6522 | D:7      | Found a runed translucent door.
  6581 | D:7      | Found a runed translucent door.
  6582 | D:7      | Noticed Crazy Yiuf
  6606 | D:7      | Noticed Maurice
  6812 | D:8      | Found an iron altar of Okawaru.
  6812 | D:8      | Found a shadowy altar of Dithmenos.
  6878 | D:8      | Received a gift from Trog
  7169 | D:8      | Reached skill level 16 in Axes
  7465 | D:9      | Found a sacrificial altar of Ru.
  7466 | D:9      | Found a radiant altar of Vehumet.
  7768 | D:9      | Reached skill level 17 in Axes
  7776 | D:9      | Found a staircase to the Lair.
  7793 | D:9      | Reached skill level 18 in Axes
  7799 | D:9      | Reached XP level 11. HP: 47/92 MP: 11/11
  8385 | D:10     | Entered Level 10 of the Dungeon
  8690 | D:10     | Noticed Josephine
  8706 | D:10     | Killed from afar by Josephine

Illustrated notes

Levels and vault maps discovered:
D:1:      dpeg_arrival_rhombi, layout_basic, minmay_pentomino_s2
D:2:      minmay_general_purpose_star, layout_loops_cross, grunt_decor_junction,
          nicolae_shop_vocational, uniq_jessica
D:3:      layout_loops_ring, goddamned_bats
D:4:      layout_loops_cross, temple_green, serial_shops, shop, st_stairs_11,
          minmay_quadrilaterals
D:5:      cheibrodos_quashed, layout_cave_pools, gup_sewer_entry_pipe,
          gup_ossuary_entry_pyramid, chequers_serial_rivers_large_a
D:6:      layout_cave_pools, minmay_misc_feat_five
D:7:      layout_loops_ring, dk_yredelemnul_ordeal, lightli_church_of_beogh,
          uniq_maurice, uniq_crazy_yiuf_cottage, uniq_joseph
D:8:      cheibrodos_steamvent, layout_basic, gammafunk_temple_overflow_elements
D:9:      layout_gridville, gammafunk_temple_overflow_statue,
          due_lair_maze_entry_diamond, ebering_dispersal_statue_hall,
          minmay_misc_feat_iff
D:10:     layout_basic, erik_orc_1, uniq_josephine

Skill      XL: |  1  2  3  4  5  6  7  8  9 10 |
---------------+-------------------------------+-----
Fighting       | 4 5 6 7 |  7.6
Axes           | 5 6 7 9 11 14 18 | 18.9
Armour         | 3 4 5 6 7 |  7.5
Dodging        | |  1.5

Action                     |  1- 3 |  4- 6 |  7- 9 | 10-12 || total
---------------------------+-------+-------+-------+-------++-------
  Melee: Hand axe          |    72 |   120 |   351 |    40 ||   583
         Punch             |       |     1 |     3 |       ||     4
         Broad axe         |       |       |       |   110 ||   110
  Throw: Stone             |       |       |     1 |       ||     1
 Invoke: Berserk           |     1 |     1 |     3 |     1 ||     6
    Use: Scroll            |       |       |    11 |       ||    11
         Potion            |       |       |       |     1 ||     1
   Stab: Distracted        |       |       |     1 |       ||     1
 Armour: Animal skin       |    39 |   102 |   181 |       ||   322
         Chain mail        |       |       |    10 |   123 ||   133
  Dodge: Dodged            |    38 |    98 |   151 |   114 ||   401
